 Dungeon Crawl Stone Soup version 0.19-a0-1697-g0595f0e (webtiles) character file.

25 4thArraOfDagon the Caller (level 2, 3/24 HPs)
             Began as a Troll Wanderer on Sept 26, 2016.
             Quit the game on level 2 of the Dungeon.
             The game lasted 00:00:42 (146 turns).

4thArraOfDagon the Caller (Troll Wanderer)           Turns: 146, Time: 00:00:42

Health: 3/24       AC:  6    Str: 19    XL:     2   Next: 82%
Magic:  2/2        EV:  9    Int:  8    God:
Gold:   0          SH:  0    Dex:  9    Spells: 0 memorised, 3 levels left

rFire  . . .     SeeInvis .     a - book of Minor Magic
rCold  . . .     Gourm    +     d - +0 robe
rNeg   . . .     Faith    .     (no shield)
rPois  .         Spirit   .     (helmet restricted)
rElec  .         Dismiss  .     (no cloak)
rCorr  .         Reflect  .     (gloves unavailable)
MR     .....     Harm     .     (boots unavailable)
Stlth  +.........               (no amulet)
                                (no ring)
                                (no ring)

@: lethally poisoned (3 -> 0)
A: unfitting armour, claws 3, fast metabolism 3, gourmand, regeneration 1,
shaggy fur 1, tough skin 2
a: no special abilities


You were on level 2 of the Dungeon.
You were not hungry.

You visited 1 branch of the dungeon, and saw 2 of its levels.

Inventory:

Hand Weapons
 e - a +0 club
Armour
 d - a +0 robe (worn)
Books
 a - a book of Minor Magic (in claw)

   Spells                             Type                      Level
   a - Magic Dart                     Conjuration                  1
   b - Blink                          Translocation                2
   c - Call Imp                       Summoning                    2
   d - Repel Missiles                 Charms/Air                   2
   e - Slow                           Hexes                        2
   f - Conjure Flame                  Conjuration/Fire             3
   g - Mephitic Cloud                 Conjuration/Poison/Air       3
 b - the Catalogue of Fire

   Spells                             Type                      Level
   a - Flame Tongue                   Conjuration/Fire             1
   b - Inner Flame                    Hexes/Fire                   3
Comestibles
 f - 2 bread rations


   Skills:
 - Level 1.0 Stealth
   Level 1.0 Shields
 * Level 2.5 Unarmed Combat
 - Level 1.0 Spellcasting
   Level 3.7 Summonings
   Level 1.7 Earth Magic


You had 3 spell levels left.
You didn't know any spells.

Dungeon Overview and Level Annotations

Branches:
Dungeon (1/15)

Altars:


Innate Abilities, Weirdness & Mutations

You are too large for most types of armour.
You have claws for hands.
Your metabolism is lightning-fast.
You like to eat raw meat.
Your natural rate of healing is unusually fast.
You are covered in fur. (AC +1)
You have very tough skin. (AC +2)


Message History

You miss the adder.
You feel sick. The adder bites you. The adder barely misses you.
You clumsily bash the adder but do no damage.
You feel sick.
The adder bites you but does no damage. x2
You are too injured to fight recklessly!
You closely miss the adder. The adder bites you.
* * * LOW HITPOINT WARNING * * *
You are more poisoned.
The adder poisons you!
You are too injured to fight recklessly!
You barely miss the adder.
You feel sick.
The adder bites you but does no damage. x2
You are too injured to fight recklessly!
You clumsily bash the adder but do no damage.
You feel sick. The adder bites you.
* * * LOW HITPOINT WARNING * * *
The adder completely misses you.
You are too injured to fight recklessly!
Unknown command.
Are you sure you want to abandon this character and quit the game? (Confirm with "yes".)

. .## ..# #.# #.#
#.# #.# #@# #S#
#g#### #rg..#
##'''##
###.....###
#......g..##
##...........##
##...≈≈≈#≈≈≈...##


You could see an adder, 2 hobgoblins and a rat.

Vanquished Creatures
  Natasha (D:2)
1 creature vanquished.

Notes
Turn   | Place    | Note
-------+----------+-------------------------------------------
     0 | D:1      | 4thArraOfDagon the Troll Wanderer began the quest for the Orb.
     0 | D:1      | 4thArraOfDagon set off with: a book of Minor Magic, the Catalogue of Fire, a potion of lignification, a +0 robe, a +0 club, 2 bread rations
     0 | D:1      | Reached XP level 1. HP: 16/16 MP: 1/1
    49 | D:1      | You fall through a shaft!
    49 | D:2      | Noticed Natasha
    54 | D:2      | Killed Natasha
    54 | D:2      | Reached XP level 2. HP: 24/24 MP: 2/2
   146 | D:2      | Quit the game

Vault maps used:
D:1:      dpeg_arrival_solitude, okawaru_ov_weapons_minmay
D:2:      gammafunk_temple_overflow_statue, kennysheep_donut, uniq_natasha,
          uniq_iyjb

Skill      XL: |  1 |
---------------+----+-----
Unarmed Combat | 2 |  2.5
Stealth        | |  1.0
Shields        | |  1.0
Spellcasting   | |  1.0
Summonings     | |  3.7
Earth Magic    | |  1.7

Action                   || total
-------------------------++-------
Melee: Unarmed           ||     2
  Use: Potion            ||     1
  Eat: Chunk             ||     1
Armor: Skin              ||     2
       Robe              ||    17
Dodge: Dodged            ||    39
